 Dungeon Crawl Stone Soup version 0.31-a0-845-g9abc20d24f (webtiles) character file.

Game seed: 4419509890142679113

323 arthad the Gusty (level 6, -24/35 HPs)
             Began as a Tengu Air Elementalist on Oct 2, 2023.
             Annihilated by an ogre
             ... wielding a +0 giant spiked club
              (29 damage)
             ... on level 4 of the Dungeon.
             The game lasted 00:08:28 (3768 turns).

arthad the Gusty (Tengu Air Elementalist)           Turns: 3768, Time: 00:08:29

Health: -24/35     AC:  4    Str:  9    XL:     6   Next: 47%
Magic:  14/20      EV: 13    Int: 20    God:
Gold:   185        SH:  0    Dex: 20    Spells: 5/11 levels left

rFire   . . .        (no weapon)
rCold   . . .        (no shield)
rNeg    . . .        r - +0 robe "Vappolim" {rCorr Int+3 Dex+3}
rPois   .            (helmet restricted)
rElec   .            (no cloak)
rCorr   +            n - +1 pair of gloves
SInv    .            (boots unavailable)
Will    +....        l - amulet of the Moon {Acrobat Dex+3}
Stlth   +++          i - ring of willpower
HPRegen 0.25/turn    o - ring of magical power
MPRegen 0.17/turn

%: acrobat
@: lethally poisoned (-24 -> -30)
A: beak, talons 3, acrobatic
a: no special abilities


You were on level 4 of the Dungeon.
You visited 1 branch of the dungeon, and saw 4 of its levels.
You also visited: Sewer.

You collected 185 gold pieces.

Inventory:

Hand Weapons
 t - a +1 trident of venom
Missiles
 c - 7 javelins
 j - 14 poisoned darts
 s - 2 boomerangs
 y - a curare-tipped dart
Armour
 a - a +0 robe
 n - a +1 pair of gloves (worn)
 r - the +0 robe "Vappolim" (worn) {rCorr Int+3 Dex+3}
   (You found it on level 3 of the Dungeon)

   Int+3:     It affects your intelligence (+3).
   Dex+3:     It affects your dexterity (+3).
   rCorr:     It protects you from acid and corrosion.
Jewellery
 i - a ring of willpower (left hand)
 l - the amulet of the Moon (around neck) {Acrobat Dex+3}
   (You found it on level 2 of the Dungeon)

   [amulet of the acrobat]

   Acrobat:   It increases your evasion while moving and waiting.
   Dex+3:     It affects your dexterity (+3).
 o - a ring of magical power (right hand)
Wands
 p - a wand of digging (5)
Scrolls
 g - a scroll of vulnerability {unknown}
 k - a scroll of noise {unknown}
 m - a scroll of immolation {unknown}
 v - a scroll of poison {unknown}
 w - a scroll of amnesia {unknown}
 A - a scroll of fear {unknown}
 B - a scroll of brand weapon {unknown}
Potions
 b - 3 potions of resistance
 f - 3 potions of mutation
 u - 2 potions of heal wounds
 z - a potion of ambrosia
 C - a potion of magic


   Skills:
 + Level 1.8 Fighting
 + Level 3.2 Dodging
 + Level 3.0 Stealth
 * Level 3.3 Spellcasting
 * Level 4.0 Conjurations
 * Level 5.5 Air Magic


You had 5 spell levels left.
You knew the following spells:

 Your Spells              Type           Power      Damage    Failure   Level
a - Shock                 Conj/Air       88%        1d8       1%          1
b - Static Discharge      Conj/Air       44%        2-4/arc   3%          2
c - Swiftness             Air            25%        N/A       4%          3

Your spell library contained the following spells:

 Spells                   Type           Power      Damage    Failure   Level
 Slow                     Hex            12%        N/A       14%         1
 Airstrike                Air            12%        2d(2-18)  14%         4
 Confusing Touch          Hex            3%         N/A       38%         3
 Sigil of Binding         Hex            3%         N/A       38%         3
 Vampiric Draining        Necr           3%         2d6       38%         3


Dungeon Overview and Level Annotations

Branches:
Dungeon (4/15)              Sewer (visited)
 Temple: D:4-7

Altars:

Shops:
D:3 :

Annotations:
D:3 2 transporters


Innate Abilities, Weirdness & Mutations

You have a beak for a mouth.
You have claws for feet.
You can magically evade attacks while moving or waiting.


Message History

You kill the giant cockroach!
You are struck by an arc of lightning.
The lightning grounds out.
You feel very sick.
The water moccasin bites you but does no damage.
The giant cockroach splashes around in the water.
The water moccasin barely misses you.
Casting: Static Discharge (safe; 3% risk of failure)
Confirm with . or Enter, or press ? or * to list all spells.
The water moccasin is struck by an arc of lightning.
The water moccasin is lightly wounded.
You are struck by an arc of lightning.
The lightning grounds out.
You feel sick. The water moccasin bites you.
The giant cockroach barely misses you.
Casting: Static Discharge (safe; 3% risk of failure)
Confirm with . or Enter, or press ? or * to list all spells.
The ogre is struck by an arc of lightning.
The ogre is lightly wounded.
You are struck by an arc of lightning.
The giant cockroach is struck by an arc of lightning.
The giant cockroach is severely wounded.
The lightning grounds out.
The water moccasin is struck by an arc of lightning.
The water moccasin is moderately wounded.
You are struck by an arc of lightning.
* * * LOW HITPOINT WARNING * * *
The water moccasin is struck by an arc of lightning.
The water moccasin is heavily wounded.
The lightning grounds out.
The giant cockroach is struck by an arc of lightning.
You kill the giant cockroach!
You are struck by an arc of lightning.
* * * LOW HITPOINT WARNING * * *
The ogre is struck by an arc of lightning.
The ogre is moderately wounded.
The lightning grounds out.
* * * LOW HITPOINT WARNING * * *
You feel sick. The water moccasin barely misses you.
The ogre hits you with a +0 giant spiked club!!
Ouch! That really hurt!
You die...

.# .... .#
..####..####.##
(..............
#...#~..#(..# .....
#...~~~~~...##.....
#.#~~~~~~~#......#
##.~~~~†~~~.......#
....~~~@~~~.......###
....~~~OS~~~.........
...#~~~~~~~#.........
.....~~~~~...........
.....#...#..#.......#
...#.......##<......#
...###...#.##.......#
.. ........##.......#
.PPPP..........###


You could see a water moccasin and an ogre.

Vanquished Creatures
  2 kobold brigands (Sewer)
  Robin (D:2)
  2 river rats (Sewer)
  4 adders
  7 worms
  2 dart slugs
  3 orcs (D:3)
  10 ball pythons
  3 bats
  8 endoplasms
  5 giant cockroaches
  13 goblins
  6 hobgoblins
  4 jackals (D:1)
  5 frilled lizards
  7 kobolds
  12 rats
94 creatures vanquished.

Notes
Turn   | Place    | Note
-------+----------+-------------------------------------------
     0 | D:1      | arthad the Tengu Air Elementalist began the quest for the
                  | Orb.
     0 | D:1      | Reached XP level 1. HP: 10/10 MP: 4/4
   229 | D:1      | Reached XP level 2. HP: 13/15 MP: 0/6
   626 | D:1      | Found a faded altar of an unknown god.
   829 | D:1      | Reached XP level 3. HP: 19/19 MP: 4/7
  1075 | D:2      | Learned a level 2 spell: Static Discharge
  1079 | D:2      | Learned a level 3 spell: Swiftness
  1125 | D:2      | Identified the amulet of the Moon {Acrobat Dex+3}
  1210 | D:2      | Noticed Robin
  1221 | D:2      | Killed Robin
  1463 | D:2      | Reached XP level 4. HP: 24/24 MP: 4/8
  2202 | D:3      | Found Dugoxoe's Vocational Training.
  2234 | D:3      | Reached skill level 1 in Fighting
  2310 | D:3      | Identified the +0 robe "Vappolim" {rCorr Int+3 Dex+3}
  2523 | D:3      | Reached XP level 5. HP: 29/29 MP: 10/10
  2677 | D:3      | Found a transporter.
  2696 | D:3      | Found a transporter.
  2878 | D:4      | Found a glowing drain.
  2879 | D:4      | Noticed a water moccasin
  2880 | D:4      | Noticed an ogre
  2887 | Sewer    | Entered a sewer
  3048 | Sewer    | Reached skill level 5 in Air Magic
  3154 | Sewer    | Noticed a kobold brigand
  3155 | Sewer    | Noticed a kobold brigand
  3162 | Sewer    | Killed a kobold brigand
  3163 | Sewer    | Reached XP level 6. HP: 34/34 MP: 11/11
  3768 | D:4      | Annihilated by an ogre

Illustrated notes

Levels and vault maps discovered:
D:1:      lemuel_arrival_cross, layout_basic,
          shapermc_ecumenical_altar_notcrosses
D:2:      layout_rooms, uniq_robin
D:3:      gammafunk_steamed_eel, layout_rooms, minmay_misc_feat_rows,
          nicolae_shop_vocational
D:4:      layout_basic, mainiacjoe_overflow_boulevard, chei_slow_surprise,
          lemuel_crystal_altar, temple_hall, cheibrodos_sewer_entry_drain,
          uniq_pikel, uniq_menkaure

Skill      XL: |  1  2  3  4  5  6 |
---------------+-------------------+-----
Conjurations   | 2 3 4 |  4.0
Fighting       | 1 |  1.8
Air Magic      | 5 |  5.5
Dodging        | 3 |  3.2
Spellcasting   | 3 |  3.3
Stealth        | 3 |  3.0

Action                     |  1- 3 |  4- 6 || total
---------------------------+-------+-------++-------
  Throw: Javelin           |       |     3 ||     3
         Dart              |       |     1 ||     1
   Cast: Shock             |    78 |   153 ||   231
         Static Discharge  |       |     3 ||     3
    Use: Potion            |     1 |     4 ||     5
         Scroll            |       |     4 ||     4
 Armour: Robe              |     7 |    13 ||    20
  Dodge: Dodged            |     7 |    21 ||    28

Table legend: (Time is in decaauts)
 A = Elapsed time spent in this place.
 B = Non-inter-level travel time spent in this place.
 C = Inter-level travel time spent in this place.
 D = Time resting spent in this place.
 E = Time spent auto-exploring this place.
 F = Levels seen in this place.
 G = Mean time per level.
                   A        B        C        D        E       F      G
               +--------+--------+--------+--------+--------+-----+--------+
         Total |   3879 |   3838 |     41 |    160 |   3061 |   5 |  775.8 |
       Dungeon |   2893 |   2852 |     41 |      0 |   2452 |   4 |  723.2 |
         Sewer |    986 |    986 |      0 |    160 |    609 |   1 |  986.0 |
               +--------+--------+--------+--------+--------+-----+--------+

Top non-repeatable levels by time:
     D:2: 1107 daAuts
     D:1: 1097 daAuts
   Sewer: 986 daAuts
     D:3: 624 daAuts
     D:4: 64 daAuts
